 Seeded DCSS version 0.28-a0-1190-g77e1c55843 (webtiles) character file.

Game seed: 4018878354053487559 (custom seed)

63 croobank the Vandal (level 3, -1/27 HPs)
             Began as a Draconian Hunter on Dec 19, 2021.
             Slain by a goblin (3 damage)
             ... led by Robin
             ... on level 2 of the Dungeon.
             The game lasted 00:08:50 (1281 turns).

croobank the Vandal (Draconian Hunter)              Turns: 1281, Time: 00:08:50

Health: -1/27      AC:  6    Str: 14    XL:     3   Next: 89%
Magic:  3/3        EV: 12    Int: 11    God:
Gold:   73         SH:  0    Dex:  9    Spells: 2/2 levels left

rFire   . . .      SeeInvis .   a - +2 whip (freeze)
rCold   . . .      Faith    .   (no shield)
rNeg    . . .      Spirit   .   (armour unavailable)
rPois   .          Reflect  .   (helmet restricted)
rElec   .          Harm     .   i - +0 cloak
rCorr   .          Rampage  .   (no gloves)
Will    .....                   (no boots)
Stlth   ++........              (no amulet)
HPRegen 0.09/turn               (no ring)
MPRegen 0.08/turn               (no ring)

@: about to teleport
A: AC +5, unfitting armour, cold-blooded, claws 1, clumsy 1, frail 1, weak 1
a: no special abilities


You were on level 2 of the Dungeon.
You visited 1 branch of the dungeon, and saw 2 of its levels.

You collected 73 gold pieces.

Inventory:

Hand Weapons
 a - a +2 whip of freezing (weapon)
 b - a +1 hunting sling
 h - a +0 short sword
Missiles
 c - 38 sling bullets
 e - 87 stones (quivered)
 f - 6 boomerangs
Armour
 i - a +0 cloak (worn)
Scrolls
 d - 3 scrolls of identify {identify, unknown}
 j - a scroll of teleportation {teleport}
Potions
 g - 2 potions of curing {curing}


   Skills:
 + Level 3.0 Fighting
 + Level 4.0 Slings
 + Level 2.4 Dodging
 + Level 2.0 Stealth


You had 2 spell levels left.
You didn't know any spells.
Your spell library contained the following spells:

 Spells                   Type           Power      Damage    Failure   Level
 Slow                     Hex            0%         N/A       34%         1
 Confusing Touch          Hex            0%         N/A       71%         3
 Vampiric Draining        Necr           0%         2d6       71%         3


Dungeon Overview and Level Annotations

Branches:
Dungeon (2/15)

Altars:

Shops:
D:2 (

Annotations:
D:2 Robin


Innate Abilities, Weirdness & Mutations

Your plain brown scales are hard. (AC +5)
You cannot fit into any form of body armour.
You are cold-blooded and may be slowed by cold attacks.
You have sharp fingernails.
You are clumsy. (Dex -2)
You are frail. (-10% HP)
You are weak. (Str -2)


Message History

You hit the goblin. You freeze the goblin.
The goblin is heavily wounded.
The goblin closely misses you.
You hit the goblin. You freeze the goblin.
You kill the goblin!
The goblin shouts!
Things that are here:
a +0 club; a goblin corpse The goblin closely misses you.
Cornered, the goblin turns to fight!
The goblin no longer looks unusually strong.
The goblin seems to regain its courage.
The goblin misses you.
The goblin seems to regain its courage.
The goblin hits you but does no damage.
It was a potion of curing {curing}.
You feel better.
The goblin no longer looks unusually strong.
The goblin hits you with a +1 dagger of freezing.
You feel yourself slow down. The goblin freezes you.
* * * LOW HITPOINT WARNING * * *
The goblin hits you but does no damage.
You barely miss the goblin.
Robin seems to regain their courage.
The goblin hits you with a +1 dagger of freezing.
* * * LOW HITPOINT WARNING * * *
The goblin freezes you.
* * * LOW HITPOINT WARNING * * *
The goblin hits you with a +0 dagger.
* * * LOW HITPOINT WARNING * * *
Robin roars a battlecry!
The goblins go into a battle-frenzy!
The goblin closely misses you. The goblin misses you.
Okay, then.
As you read the scroll labelled MEBRAH MEDA {teleport}, it crumbles to dust.
You feel strangely unstable.
It was a scroll of teleportation {teleport}.
You feel yourself speed up. The goblin hits you with a +0 dagger.
* * * LOW HITPOINT WARNING * * *
The goblin hits you but does no damage. x2; The goblin misses you.
Robin throws the goblin at you! The goblin hits you with a +0 dagger.
You die...

. ... #.# #.##. ##.#####
#.#.. ##<..†... #≈#
##.....##. #. #≈#
#.......#. ##.#### #≈#
##.....##. .....# #.#
##....... #.#.. ##g#
##.#.### #g#.# #g@# ###.#
# #.g.# #gg############.#
#.###..###g.##...).......#
#..))..g....##.###########
#####.##.##.#...##
#.##....)....#
#.#####.#...##
#.......##.## ############


You could see Robin and 4 goblins.

Vanquished Creatures
  Terence (D:2)
  6 bats
  4 endoplasms
  2 giant cockroaches
  5 goblins (D:2)
  2 hobgoblins (D:1)
  5 kobolds
  4 quokkas (D:2)
  A ball python (D:1)
  3 rats (D:1)
33 creatures vanquished.

Notes
Turn   | Place    | Note
-------+----------+-------------------------------------------
     0 | D:1      | croobank the Draconian Hunter began the quest for the Orb.
     0 | D:1      | Reached XP level 1. HP: 17/17 MP: 1/1
    27 | D:1      | Reached skill level 1 in Stealth
   166 | D:1      | Reached XP level 2. HP: 25/25 MP: 2/2
   641 | D:2      | Gained mutation: You are frail. (-10% HP) [potion of
                  | mutation]
   641 | D:2      | Gained mutation: You are weak. (Str -2) [potion of
                  | mutation]
   641 | D:2      | Gained mutation: You are clumsy. (Dex -2) [potion of
                  | mutation]
   641 | D:2      | Gained mutation: You have sharp fingernails. [potion of
                  | mutation]
   647 | D:2      | Found a faded altar of an unknown god.
   694 | D:2      | Found Ungyky's Weapon Shop.
   888 | D:2      | Reached XP level 3. HP: 25/27 MP: 3/3
  1053 | D:2      | Noticed Terence
  1065 | D:2      | Killed Terence
  1066 | D:2      | Reached skill level 4 in Slings
  1244 | D:2      | Noticed Robin
  1281 | D:2      | Slain by a goblin

Illustrated notes

Levels and vault maps discovered:
D:1:      psy_arrival_conway, layout_rooms
D:2:      layout_loops_cross, dreamdust_ecumenical_altar_statues, serial_shops,
          shop, corexii_corridor_pit, uniq_robin, uniq_terence

Skill      XL: |  1  2  3 |
---------------+----------+-----
Stealth        | 1 2 |  2.0
Dodging        | 2 |  2.4
Slings         | 4 |  4.0
Fighting       | 3 |  3.0

Action                   || total
-------------------------++-------
Melee: Short sword       ||    32
       Whip              ||    51
       Tailslap          ||     9
 Fire: Hunting sling     ||     3
  Use: Potion            ||     2
       Scroll            ||     2
 Stab: Sleeping          ||     5
Armor: Skin              ||    43
Dodge: Dodged            ||    71

Table legend: (Time is in decaauts)
 A = Elapsed time spent in this place.
 B = Non-inter-level travel time spent in this place.
 C = Inter-level travel time spent in this place.
 D = Time resting spent in this place.
 E = Time spent auto-exploring this place.
 F = Levels seen in this place.
 G = Mean time per level.
                   A        B        C        D        E       F      G
               +--------+--------+--------+--------+--------+-----+--------+
         Total |   1301 |   1291 |     10 |    165 |    744 |   2 |  650.5 |
       Dungeon |   1301 |   1291 |     10 |    165 |    744 |   2 |  650.5 |
               +--------+--------+--------+--------+--------+-----+--------+

Top non-repeatable levels by time:
     D:2: 668 daAuts
     D:1: 633 daAuts
